[Event "Biel DQA Blitzn"]
[Site "Biel/Bienne, Switzerland"]
[Date "2022.07.17"]
[Round "1.1"]
[White "Zhuang, Yongzhe"]
[Black "Cornileau, Juliette"]
[Result "1-0"]
[TimeControl "3 min + 2 sec"]
[WhiteElo "1681"]
[BlackElo "1653"]

1. e4 c6 2. c4 d5 3.
exd5 cxd5 4. cxd5 Nf6 5. Nc3 Nxd5 6. Nf3 Nc6 7. Bb5 Bg4 8. Qa4 Ndb4 9. Bxc6+ bxc6 10. Qxb4 Bxf3 11. gxf3 e5 12. Qe4 Qf6 13. d4 Bd6 14. Qxc6+ 1-0

[Event "Biel DQA Blitzn"]
[Site "Biel/Bienne, Switzerland"]
[Date "2022.07.17"]
[Round "1.2"]
[White "Avilova, Yulia"]
[Black "Tamrazyan, Gohar"]
[Result "0-1"]
[TimeControl "3 min + 2 sec"]
[WhiteElo "1597"]
[BlackElo "1733"]

1. Nf3 d5 2. c4 e6 3. e3 c5 4. cxd5 exd5 5. d4 Nc6 6. Nc3 Nf6 7. Be2 Be7 8. O-O O-O 9. b3 Bg4 10. Bb2 cxd4 11. Nxd4 Bxe2 12. Ndxe2 Rc8 13. Qd2 Bb4 14.
a3 Ne4 15. Qc2 Bxc3 16. Nxc3 Nf6 17. Rfd1 Qd7 18. Rd2 Qe6 19. Rad1 Rfd8 20. Ba1 Ne7 21. Qb2 a6 22. e4 d4 23. Rxd4 Rxd4 24. Rxd4 Nc6 25.
Rd1 Qg4 26. f3 Qg5 27. Nd5 Nxd5 28. Rxd5 Ne5 29. Rxe5 Qe3+ 30. Kf1 Rc1+ 31. Qxc1 Qxc1+ 32. Ke2 Qc2+ 33. Ke3 Qxb3+ 34. Kf4 f6 35. Re7 Qxa3 36. Rxb7 Qxa1 37. Rb8+ Kf7 38. h4 Qe5+ 0-1

[Event "Biel DQA Blitzn"]
[Site "Biel/Bienne, Switzerland"]
[Date "2022.07.17"]
[Round "1.3"]
[White "Keymer, Cecilia"]
[Black "Ciarletta, Iris"]
[Result "0-1"]
[TimeControl "3 min + 2 sec"]
[WhiteElo "1652"]
[BlackElo "1481"]

1. d4 Nf6 2. c4 c5 3. d5 b5 4. cxb5 a6 5. bxa6 Bxa6 6. Nc3 d6 7. e4 Bxf1 8. Kxf1 g6 9. g3 Bg7 10. Nf3 O-O 11. Kg2 Nbd7 12.
a4 Qb6 13. Qc2 Rfb8 14. Nb5 Qb7 15. Bd2 Ng4 16. Bc3 Nge5 17. Nxe5 Bxe5 18. Rhe1 f6 19. f4 Bxc3 20. bxc3 Nb6 21.
c4 Ra5 22. e5 dxe5 23. fxe5 Rba8 24. exf6 exf6 25. Qe2 Qf7 26. Qe6 Nxc4 27. Qxf7+ Kxf7 28. d6 Ne5 29. Nc7 Rd8 30. Red1 Nc4 31. d7 Ne3+ 32. Kf2 Nxd1+ 33. Rxd1 Rxa4 34. Nb5 Ra2+ 35. Kf3 Rxh2 36. Rd5 c4 37. Nd6+ Ke6 38. Rd1 Rxd7 39. Re1+ Kxd6 40. Rd1+ Kc7 41. Rxd7+ Kxd7 42. Kf4 c3 43. Ke3 c2 44.
Kf3 c1=Q 45. Ke4 Re2+ 46. Kf3 Qe3+ 0-1

[Event "Biel DQA Blitzn"]
[Site "Biel/Bienne, Switzerland"]
[Date "2022.07.17"]
[Round "1.4"]
[White "Sumarriva Paulin, Laura"]
[Black "Moracchini, Margaux"]
[Result "0-1"]
[TimeControl "3 min + 2 sec"]
[WhiteElo "1886"]
[BlackElo "1825"]

1. e4 c5 2. Nc3 d6 3. g3 g6 4. Bg2 Bg7 5. d3 e6 6.
Nge2 Ne7 7. O-O O-O 8. Bg5 h6 9. Be3 Nbc6 10. Qd2 Kh7 11. h3 a6 12. f4 Nd4 13. Nd1 b5 14. c3 Nxe2+ 15. Qxe2 Bb7 16. g4 Qc7 17. Bf2 f5 18. Bg3 Rae8 19. Ne3 fxe4 20. dxe4 Qb6 21. Kh2 d5 22. exd5 exd5 23. Qd3 Rd8 24. f5 Rf6 25. fxg6+ Nxg6 26.
Nf5 Kh8 27. Rae1 c4 28. Qd2 Rdf8 29. Nxh6 Rxf1 30. Rxf1 Rxf1 31. Bxf1 d4 32. cxd4 Bxd4 33. Bf2 Bxf2 34. Bg2 Bg1+ 35. Kh1 Bxg2+ 36. Kxg2 Be3 37. Qc2 Nh4+ 38. Kg3 Bxh6 39. Kxh4 Qf6+ 40. Kg3 Qf4+ 41. Kg2 Qf6 42. Qe2 Qc6+ 43. Kg1 Qc5+ 44. Kg2 Qc6+ 45. Kg1 Qb6+ 46. Kg2 Qe3 47. Qc2 Qd3 48. Qf2 Qd5+ 49. Kh2 Qe5+ 50. Kg2 Qe4+ 51.
Kh2 Bf4+ 52. Kg1 Be3 0-1

[ePGN "0.1;DGT LiveChess/2.2.5"]

[Event "Biel DQA Blitzn"]
[Site "Biel/Bienne, Switzerland"]
[Date "2022.07.17"]
[Round "2.1"]
[White "Cornileau, Juliette"]
[Black "Moracchini, Margaux"]
[Result "0-1"]
[TimeControl "3 min + 2 sec"]
[WhiteElo "1653"]
[BlackElo "1825"]

1. d4 Nf6 2. c4 g6 3. Nc3 Bg7 4. e4 d6 5.
Be2 O-O 6. Bg5 h6 7. Be3 e5 8. d5 a5 9. Qd2 Kh7 10. Bd1 Ng4 11. Bxg4 Bxg4 12. f3 Bd7 13. Nge2 Na6 14. O-O f5 15. f4 Nc5 16. fxe5 dxe5 17.
Bxc5 Rf7 18. Rad1 b6 19. Be3 f4 20. Bf2 Qg5 21. Kh1 Qg4 22. Ng1 Raf8 23. Nf3 Qh5 24. d6 c6 25. c5 b5 26. Qd3 g5 27. Nb1 g4 28. Nh4 g3 29. hxg3 fxg3 30. Qxg3 Rxf2 31. Rxf2 Qxd1+ 32. Kh2 Rxf2 33. Qxf2 Qxb1 34. Qg3 Qxe4 35. Nf3 Qf4 36. Qxf4 exf4 37. Kg1 Bxb2 38. Nd4 Bxd4+ 39.
Kf1 Bxc5 0-1

[Event "Biel DQA Blitzn"]
[Site "Biel/Bienne, Switzerland"]
[Date "2022.07.17"]
[Round "2.2"]
[White "Ciarletta, Iris"]
[Black "Sumarriva Paulin, Laura"]
[Result "1/2-1/2"]
[TimeControl "3 min + 2 sec"]
[WhiteElo "1481"]
[BlackElo "1886"]

1. d4 d5 2. c4 e6 3.
Nf3 Nf6 4. Nc3 dxc4 5. e4 Bb4 6.
Qc2 O-O 7. Bxc4 a6 8. O-O b5 9. Be2 Bb7 10. e5 Nd5 11. Ne4 Nd7 12. Bd2 Be7 13. Rfc1 Rc8 14. Qd1 c5 15. Bc3 Nxc3 16.
Nxc3 Nb6 17. dxc5 Bxc5 18. a3 Nd5 19. Nxd5 Bxd5 20. b4 Ba7 21. Rxc8 Qxc8 22. Rc1 Qb7 23. h3 h6 24. Rc3 Qb6 25.
Qf1 Rd8 26. g3 Qb7 27. Kg2 Bd4 28. Rd3 Bxe5 29. Qd1 Bf6 30. Kg1 Rc8 31. Ne1 Bc4 32. Bf3 Qc7 33. Rd7 Qe5 34. Bb7 Rf8 35.
Bxa6 Qb2 36. Bb7 Qxa3 37. Nc2 Qc3 38. Be4 Bb3 39. Qd3 Qb2 40. Ne3 Ba4 41. Qb1 Qc3 42. Rd3 Qc7 43. Rd2 Qe5 44.
Ng4 Qc3 45. Nxf6+ Qxf6 46. Rd6 Qe5 47. Rc6 Rd8 48. Rc1 g6 49. Re1 Qf6 50. Bg2 Rd2 51. Rf1 Bc2 52. Qe1 Rd8 53. Qc1 Bb3 54.
Be4 Bc4 55. Re1 Kg7 56. Qe3 Rd7 57.
Rc1 Rd8 58. Bg2 Rd4 59. h4 Rd3 60. Qe4 Rd2 61. Qe3 Rb2 62. Qc5 Re2 63. Bf1 Rb2 64. Bxc4 bxc4 65. Rxc4 Rb1+ 66. Rc1 Rb2 67.
Qc3 Qxc3 68. Rxc3 Rxb4 69. Kg2 Rb2 70. Kf3 Rb4 71. Ke3 Kf6 72. f3 Ra4 73. g4 Rb4 74. f4 Ra4 75. g5+ hxg5 76. hxg5+ Kg7 77. Kf3 Rb4 78. Rc7 Ra4 79. Ke3 Rb4 80.
Rd7 Rc4 81. Rd6 Rb4 82. Kf3 Rc4 83. Kg4 e5 84. Kg3 Rxf4 85. Rd3 Rf5 86. Kg4 Kf8 87. Rd7 Ke8 88. Ra7 Kf8 89. Ra5 f6 90. gxf6 Rxf6 91. Rxe5 Kg7 92. Re7+ Kh6 93. Re8 Ra6 94. Re7 Ra4+ 95. Kg3 Kh5 96.
Rh7+ Kg5 97. Rb7 Ra3+ 98. Kg2 Kh5 99. Rh7+ Kg4 100. Rb7 Ra2+ 101. Kg1 g5 102. Rb3 Kh4 103. Kh1 g4 104. Kg1 g3 105. Rb8 Ra1+ 106. Kg2 Ra2+ 107. Kg1 Ra5 108. Rh8+ Kg4 109. Rg8+ Kf3 110. Rf8+ Kg4 111. Rg8+ Rg5 112. Rf8 Kh3 113. Rh8+ Kg4 114. Kg2 Rg7 115.
Rf8 Kh4 116. Rf4+ Kg5 117. Rf3 Kh4 118. Rf4+ Rg4 119. Rf8 Rg6 120. Rf4+ Rg4 121. Rf8 Rg6 1/2-1/2

[Event "Biel DQA Blitzn"]
[Site "Biel/Bienne, Switzerland"]
[Date "2022.07.17"]
[Round "2.3"]
[White "Tamrazyan, Gohar"]
[Black "Keymer, Cecilia"]
[Result "1-0"]
[TimeControl "3 min + 2 sec"]
[WhiteElo "1733"]
[BlackElo "1652"]

1. d4 d5 2. Nc3 Nf6 3. Bf4 Bf5 4. e3 e6 5. Bd3 Bxd3 6. cxd3 Bd6 7. Nge2 Nc6 8. O-O O-O 9. a3 a6 10. Rc1 Bxf4 11. Nxf4 e5 12. dxe5 Nxe5 13. Qb3 c6 14. e4 d4 15. Nce2 Qd7 16.
Qb4 Rad8 17. Rfd1 Qd6 18. Qxb7 Rb8 19. Qa7 Rxb2 20. Nxd4 Ned7 21. g3 Nc5 22. Qxc5 Rc8 23. Qxd6 1-0

[Event "Biel DQA Blitzn"]
[Site "Biel/Bienne, Switzerland"]
[Date "2022.07.17"]
[Round "2.4"]
[White "Zhuang, Yongzhe"]
[Black "Avilova, Yulia"]
[Result "0-1"]
[TimeControl "3 min + 2 sec"]
[WhiteElo "1681"]
[BlackElo "1597"]

1. e4 c5 2. c3 d6 3. d4 cxd4 4. cxd4 Nf6 5. Nc3 a6 6.
a3 e6 7. Nf3 Qc7 8. Bd3 Be7 9. O-O Nc6 10. Qe2 e5 11.
Be3 O-O 12. d5 Nb8 13. Rac1 Qd8 14. h3 Nbd7 15. b4 b6 16. Nd2 Bb7 17. f4 Rc8 18. Bxa6 Bxa6 19. Qxa6 Ra8 20. Qe2 Rxa3 21.
Nb5 Ra4 22. Qc4 Nc5 23. Ra1 Rxa1 24. Rxa1 Nb7 25. Ra7 Qb8 26. Bxb6 Rc8 27. Bc7 Rxc7 28. Qxc7 Qxc7 29. Nxc7 Nd8 30.
fxe5 dxe5 31. b5 Bc5+ 32.
Kh2 Bxa7 33. Kg3 Nb7 34. Kf3 Nd6 35. Na8 Nxb5 36. Nc4 Nd4+ 37. Kg3 Nxe4+ 38. Kg4 Nf6+ 39. Kg3 Nxd5 40. Nd6 Bb8 41. Ne4 f5 42. Ng5 e4+ 43.
Kf2 e3+ 44. Ke1 Nc3 45. Nf3 Nc2+ 46. Kf1 e2+ 0-1

[ePGN "0.1;DGT LiveChess/2.2.5"]

[Event "Biel DQA Blitzn"]
[Site "Biel/Bienne, Switzerland"]
[Date "2022.07.17"]
[Round "3.1"]
[White "Avilova, Yulia"]
[Black "Cornileau, Juliette"]
[Result "1/2-1/2"]
[TimeControl "3 min + 2 sec"]
[WhiteElo "1597"]
[BlackElo "1653"]

1. Nf3 Nf6 2. c4 c5 3. e3 d5 4.
cxd5 Nxd5 5. e4 Nf6 6. e5 Nd5 7. Nc3 Nc6 8. Bc4 e6 9. Qb3 Nb6 10. Bb5 Bd7 11. O-O Be7 12. Rd1 O-O 13.
Bxc6 Bxc6 14. Ne2 c4 15. Qc3 Qd3 16. Qxd3 cxd3 17. Ned4 Bxf3 18. Nxf3 Rac8 19. b3 f6 20. Bb2 Rc2 21.
Bc3 Nd5 22. Nd4 Nxc3 23. dxc3 Rxc3 24. Nxe6 Rfc8 25. f4 fxe5 26. fxe5 Bc5+ 27. Nxc5 R8xc5 28. e6 Re5 29. Rd2 Rxe6 30. Rad1 Re3 31. Kf2 Re2+ 32. Kf1 Rc2 33. Rxd3 Rxg2 34. Rd8+ Kf7 35. R1d7+ Kg6 36. Rd6+ Kf5 37. Rd5+ Ke4 38. Rd4+ Kf5 39. R8d5+ Ke6 40. Rd6+ Ke5 41. R6d5+ Kf6 42. Rd6+ Kg5 43. R6d5+ Kf6 44. Rd6+ Ke5 1/2-1/2

[Event "Biel DQA Blitzn"]
[Site "Biel/Bienne, Switzerland"]
[Date "2022.07.17"]
[Round "3.2"]
[White "Keymer, Cecilia"]
[Black "Zhuang, Yongzhe"]
[Result "0-1"]
[TimeControl "3 min + 2 sec"]
[WhiteElo "1652"]
[BlackElo "1681"]

1. d4 d5 2. c4 dxc4 3.
Nf3 Nf6 4. e3 c5 5. Bxc4 cxd4 6. Qxd4 Qxd4 7. Nxd4 e6 8.
O-O Be7 9. Nc3 O-O 10. b3 a6 11. Bb2 b5 12. Be2 Bb7 13. Rac1 Bd6 14. Bf3 Bxf3 15. Nxf3 Nbd7 16. Rfd1 Bb4 17. a3 Be7 18. Ne2 Rac8 19.
Ned4 Nc5 20. b4 Na4 21. Ba1 Nd5 22. Nc6 Bd8 23. Nxd8 Rfxd8 24. Nd4 h6 25. g3 Ndc3 26. Bxc3 Nxc3 27.
Re1 e5 28. Nb3 Ne4 29. Kg2 Rc4 30. Rxc4 bxc4 31. Na5 c3 32. Rc1 Rd2 33. Rf1 c2 34. Nb3 Rd1 0-1

[Event "Biel DQA Blitzn"]
[Site "Biel/Bienne, Switzerland"]
[Date "2022.07.17"]
[Round "3.3"]
[White "Sumarriva Paulin, Laura"]
[Black "Tamrazyan, Gohar"]
[Result "0-1"]
[TimeControl "3 min + 2 sec"]
[WhiteElo "1886"]
[BlackElo "1733"]

1. d4 d5 2. c4 e6 3. Nc3 c5 4. e3 Nc6 5. Nf3 Nf6 6. a3 Be7 7. dxc5 Bxc5 8. b4 Be7 9. Be2 O-O 10.
O-O a6 11. cxd5 Nxd5 12. Nxd5 exd5 13. Bb2 Be6 14. Rc1 Bf6 15. Qd2 Qe7 16. Rfd1 Rfd8 17. Nd4 Nxd4 18. Bxd4 Rac8 19. Bf3 h6 20. Bb6 Rxc1 21. Rxc1 Rd7 22.
h3 Qd6 23. Bc5 Qe5 24. Bd4 Qg5 25. Kh1 Rd8 26. Bb6 Re8 27. Qd3 Qh4 28. Qe2 Be5 29. Bg4 Bxg4 30. Qxg4 Qxf2 31. Qd7 Rf8 32.
Bc5 Qd2 33. Rg1 Rb8 34. Qe7 Bg3 35. Bd6 Bxd6 36. Qxd6 Rf8 37. e4 Qd3 38. exd5 Qxa3 39. Qc5 Qd3 40. d6 Rd8 41. Qc7 Qxd6 42. Qxb7 Rb8 43. Qa7 Rxb4 44. Re1 Kh7 45. Qe3 Rb8 46. Qd3+ Qxd3 0-1

[Event "Biel DQA Blitzn"]
[Site "Biel/Bienne, Switzerland"]
[Date "2022.07.17"]
[Round "3.4"]
[White "Moracchini, Margaux"]
[Black "Ciarletta, Iris"]
[Result "0-1"]
[TimeControl "3 min + 2 sec"]
[WhiteElo "1825"]
[BlackElo "1481"]

1. e4 c5 2. c3 Nf6 3. e5 Nd5 4. Bc4 Nb6 5. Bb3 e6 6. Nf3 d5 7. exd6 Bxd6 8. d4 cxd4 9. Nxd4 Bd7 10. O-O Nc6 11. Nb5 Bb8 12. Nd6+ Bxd6 13.
Qxd6 Qb8 14. Bf4 e5 15. Qxb8+ Rxb8 16.
Re1 f6 17. Be3 Nc8 18. Bc5 b6 19. Ba3 Na5 20. Nd2 Nxb3 21. Nxb3 Ne7 22. Rad1 Ba4 23. Rd6 Nf5 24. Rd2 Kf7 25.
Nc1 Rhd8 26. Rxd8 Rxd8 27. b3 Bb5 28. c4 Bc6 29. Bb4 Nd4 30. Bc3 Nc2 31. Rf1 Be4 32. Ne2 Bd3 33. Rd1 Ke8 34. Nc1 Bf5 35. Rxd8+ Kxd8 36.
h3 Na3 37. Bb4 Nc2 38. Bc3 Kd7 39. g4 Be4 40. Kf1 Kc6 41. Ke2 Nd4+ 42. Bxd4 exd4 43. f3 Bg6 44. f4 Be4 45. Nd3 Bg2 46. Nb4+ Kd6 47. h4 Bh3 48.
g5 Bf5 49. Kf3 a5 50. Na6 Bb1 51. a3 Ba2 52. b4 Bxc4 53. bxa5 Bxa6 54. axb6 Kd5 55. gxf6 gxf6 56. a4 f5 57. a5 h5 58. Kg3 Ke4 0-1

[ePGN "0.1;DGT LiveChess/2.2.5"]

[Event "Biel DQA Blitzn"]
[Site "Biel/Bienne, Switzerland"]
[Date "????.??.??"]
[Round "4.1"]
[White "Cornileau, Juliette"]
[Black "Ciarletta, Iris"]
[Result "1-0"]
[TimeControl "3 min + 2 sec"]
[WhiteElo "1653"]
[BlackElo "1481"]

1. d4 d5 2. c4 e6 3. Nc3 Nf6 4. cxd5 exd5 5. Bg5 Be7 6. e3 c6 7. Bd3 Be6 8.
Qc2 h6 9. Bh4 Nbd7 10. Nge2 Ng4 11. Bxe7 Qxe7 12. h3 Ngf6 13. Nf4 Nb6 14. O-O Nc8 15. e4 dxe4 16. Nxe4 O-O 17. Nc5 Bd5 18.
Nxd5 Nxd5 19. Rae1 Qg5 20. Ne4 Qd8 21. Nc5 Nd6 22. b3 Qf6 23. Nd7 Qxd4 24. Nxf8 Rxf8 25. Be4 Nxe4 26. Rxe4 Qb6 27. Rfe1 Nf6 28. Re7 Qb4 29.
Qc4 Qa5 30. Qc2 Qb6 31. Qe2 Nd5 32. Rd7 Nf6 33. Re7 Qb4 34. Qc4 Qb6 35. a4 Nd5 36. R7e5 Qd8 37. Qe4 Nf6 38. Qc4 Nd5 39.
Qe2 Qb6 40. Re8 Rxe8 41. Qxe8+ Kh7 42. Qxf7 Qxb3 43. Qf5+ 1-0

[Event "Biel DQA Blitzn"]
[Site "Biel/Bienne, Switzerland"]
[Date "????.??.??"]
[Round "4.2"]
[White "Tamrazyan, Gohar"]
[Black "Moracchini, Margaux"]
[Result "0-1"]
[TimeControl "3 min + 2 sec"]
[WhiteElo "1733"]
[BlackElo "1825"]

1. d4 Nf6 2. Nc3 d5 3.
Bf4 e6 4. e3 Bd6 5. Bxd6 Qxd6 6. g4 h6 7. h4 Ne4 8. Nxe4 dxe4 9. Bg2 Qb4+ 10. Kf1 Qxb2 11. Bxe4 Qb5+ 12. Ne2 O-O 13. Bd3 Qc6 14. Ng3 Nd7 15. Be4 Qd6 16. Qf3 Nf6 17.
g5 Nxe4 18. Nxe4 Qa6+ 19. Qe2 Qxe2+ 20. Kxe2 hxg5 21. hxg5 b6 22.
Ng3 Ba6+ 23. Kd2 Rad8 24. Kc3 Rd5 25.
e4 Rxg5 26. Rh3 c5 27. f4 cxd4+ 28. Kxd4 Rd8+ 29. Ke3 Rc5 30.
Rh2 Rc3+ 31. Kf2 Rd2+ 32. Kg1 Rxg3+ 33. Kh1 Rxh2+ 34. Kxh2 Re3 35. e5 Re2+ 36. Kg3 Rxc2 37. a3 Re2 38. Kf3 Rb2 39. a4 Bb7+ 40. Ke3 Rb3+ 41.
Kd4 Rb4+ 42. Ke3 Re4+ 43. Kd3 Rxf4 44. a5 b5 45.
Rc1 Rc4 46. Rxc4 bxc4+ 47. Kxc4 g5 48.
Kc5 Ba6 49. Kd4 Kg7 50. Ke4 Kg6 51. Kf3 Kf5 0-1

[Event "Biel DQA Blitzn"]
[Site "Biel/Bienne, Switzerland"]
[Date "????.??.??"]
[Round "4.3"]
[White "Zhuang, Yongzhe"]
[Black "Sumarriva Paulin, Laura"]
[Result "0-1"]
[TimeControl "3 min + 2 sec"]
[WhiteElo "1681"]
[BlackElo "1886"]

1. e4 e6 2. d4 d5 3. exd5 exd5 4. Nf3 Bd6 5. c4 Nf6 6. Nc3 O-O 7. Be2 dxc4 8. Bxc4 Bg4 9. O-O Nbd7 10.
h3 Bh5 11. Bd3 Nb6 12. Bg5 c6 13. Bc2 Be7 14. Qd3 Bg6 15. Qd2 Nc4 16. Qe2 Bxc2 17. Qxc2 Qd7 18. Rad1 Nb6 19. Ne5 Qc7 20.
Bf4 Bd6 21. Rfe1 Rad8 22. Bg5 Be7 23. Qf5 Nfd5 24. Bf4 Nxf4 25. Qxf4 Bf6 26. Ne4 Be7 27. Re3 Nd5 28. Qf3 Nxe3 29.
fxe3 f6 30. Nd3 Bd6 31. Nxd6 Qxd6 32. Nc5 b6 33. Nb7 Qe7 34. Nxd8 Rxd8 35. Re1 c5 36. d5 Qe5 37. e4 Rxd5 38.
Qb3 Qd4+ 39. Kh1 c4 40. Qa4 Rd8 41. Qxa7 Qxb2 42. Qb7 c3 43. Qc6 c2 44. Qe6+ Kh8 45. Qc4 h6 46. Kh2 b5 47.
Qc6 b4 48. Qc7 Rg8 49. Qc4 Rd8 50. Qc7 Qe5+ 51. Qxe5 fxe5 52. Rc1 Rc8 53. Kg3 Kg8 54. Kg4 Kf7 55. Kf5 Rc5 56. g4 g6# 0-1

[Event "Biel DQA Blitzn"]
[Site "Biel/Bienne, Switzerland"]
[Date "????.??.??"]
[Round "4.4"]
[White "Avilova, Yulia"]
[Black "Keymer, Cecilia"]
[Result "0-1"]
[TimeControl "3 min + 2 sec"]
[WhiteElo "1597"]
[BlackElo "1652"]

1. Nf3 d5 2. c4 c6 3. e3 Nf6 4. d4 a6 5. Nc3 Bf5 6. Be2 e6 7. O-O Bd6 8. c5 Bc7 9. b4 O-O 10. a4 Nbd7 11. Bd2 e5 12. b5 e4 13.
Ne1 axb5 14. axb5 Rxa1 15. Qxa1 Qe7 16. bxc6 bxc6 17. Nc2 Rb8 18. Rb1 Qd8 19. Nb4 Qc8 20. Nxc6 Rxb1+ 21. Qxb1 Bxh2+ 22. Kxh2 Qxc6 23. Bb5 Qc7+ 24. Kg1 h6 25.
Bxd7 Qxd7 26. Qb8+ Kh7 27. Qe5 Be6 28. f3 exf3 29. gxf3 Qc6 30. e4 dxe4 31. fxe4 Bc4 32. Kf2 Ng4+ 33. Kf3 Nxe5+ 34. dxe5 Qxc5 35. Be3 Qxe5 36. Nd5 Bxd5 37. exd5 Qxd5+ 0-1

[ePGN "0.1;DGT LiveChess/2.2.5"]

[Event "Biel DQA Blitzn"]
[Site "Biel/Bienne, Switzerland"]
[Date "2022.07.17"]
[Round "5.1"]
[White "Keymer, Cecilia"]
[Black "Cornileau, Juliette"]
[Result "0-1"]
[TimeControl "3 min + 2 sec"]
[WhiteElo "1652"]
[BlackElo "1653"]

1. d4 Nf6 2. c4 e6 3.
Nf3 Bb4+ 4. Bd2 Qe7 5. a3 Bxd2+ 6. Qxd2 d6 7. Nc3 O-O 8.
e4 e5 9.
d5 a5 10. Bd3 Na6 11. O-O Nc5 12.
Bc2 a4 13. Rfe1 Nh5 14. Qg5 Qxg5 15. Nxg5 h6 16. Nf3 c6 17. g3 Nf6 18. Kg2 Rd8 19. Nd2 cxd5 20. cxd5 b6 21. b4 axb3 22. Nxb3 Bd7 23. Nxc5 bxc5 24.
a4 Ra5 25. Nb5 Bxb5 26. axb5 Rxb5 27. Reb1 Rb4 28. Kf3 Rdb8 29. Bd3 Rb3 30. Rxb3 Rxb3 31. Ke2 Rb2+ 32. Ke3 Ng4+ 33. Kf3 Nxf2 34. Bc4 Rb4 35. Kxf2 Rxc4 36. Ke3 Kf8 37. h3 Rc3+ 38. Kf2 Rc2+ 39. Kf3 Rc3+ 40. Kf2 Rd3 41. Rc1 Rd2+ 42. Kf3 Rd3+ 43. Kf2 Rd4 44. Kf3 Ke7 45. Rc3 c4 46. Ke3 Rd3+ 47. Rxd3 cxd3 48. Kxd3 Kf6 49. Ke3 Kg5 50. Kf3 f5 51. exf5 Kxf5 52. Ke3 h5 53. Kf3 e4+ 54. Ke3 Ke5 55. g4 hxg4 56. hxg4 Kxd5 57. Kf4 Kd4 58. Kf5 e3 59.
Kg6 e2 60. Kxg7 e1=Q 61. g5 Qg3 62. g6 Kc3 63. Kh7 d5 64. g7 d4 65. g8=Q Qxg8+ 66. Kxg8 d3 0-1

[Event "Biel DQA Blitzn"]
[Site "Biel/Bienne, Switzerland"]
[Date "2022.07.17"]
[Round "5.2"]
[White "Sumarriva Paulin, Laura"]
[Black "Avilova, Yulia"]
[Result "1-0"]
[TimeControl "3 min + 2 sec"]
[WhiteElo "1886"]
[BlackElo "1597"]

1. e4 c5 2. Nc3 d6 3.
g3 Nf6 4. Bg2 e6 5. d3 Be7 6. Nge2 Nc6 7. O-O O-O 8. h3 a6 9. f4 b5 10. a3 b4 11. axb4 cxb4 12. Na4 a5 13. c3 Qc7 14. Kh2 Ba6 15.
d4 Rfd8 16. d5 Nb8 17. Re1 e5 18. f5 Nbd7 19. Be3 Nc5 20. Nxc5 dxc5 21. g4 Rac8 22. Qc2 c4 23. cxb4 Bxb4 24.
Bd2 Bb5 25. Nc3 Bd7 26. Rf1 Ne8 27. g5 f6 28. h4 fxg5 29. hxg5 Be7 30. Qd1 Nd6 31. Qh5 Rf8 32. g6 hxg6 33.
fxg6 Rxf1 34. Qh7+ Kf8 35. Qh8# 1-0

[Event "Biel DQA Blitzn"]
[Site "Biel/Bienne, Switzerland"]
[Date "2022.07.17"]
[Round "5.3"]
[White "Moracchini, Margaux"]
[Black "Zhuang, Yongzhe"]
[Result "1-0"]
[TimeControl "3 min + 2 sec"]
[WhiteElo "1825"]
[BlackElo "1681"]

1. e4 e5 2. Nf3 Nf6 3. Nxe5 d6 4. Nf3 Nxe4 5. Nc3 Nxc3 6. dxc3 Be7 7. Bd3 Nd7 8. Bf4 Nc5 9. Qd2 Nxd3+ 10. cxd3 O-O 11. O-O d5 12. Rfe1 c5 13.
d4 c4 14. Bg5 Bxg5 15. Qxg5 h6 16. Qxd8 Rxd8 17. Re7 b5 18. Ne5 Be6 19. Nc6 Rd7 20. Rxd7 Bxd7 21. Ne7+ Kf8 22. Nxd5 Re8 23. Kf1 Bf5 24. Ne3 Bd3+ 25.
Ke1 f5 26. g3 g5 27. Kd2 f4 28.
gxf4 gxf4 29. Nd1 Re2+ 30. Kc1 Rc2+ 31. Kb1 Rxf2+ 32. Kc1 Rc2+ 33. Kb1 Rxh2+ 34. Kc1 Rh1 35. a4 Be2 36. Kd2 Bxd1 37. Rxd1 1-0

[Event "Biel DQA Blitzn"]
[Site "Biel/Bienne, Switzerland"]
[Date "2022.07.17"]
[Round "5.4"]
[White "Ciarletta, Iris"]
[Black "Tamrazyan, Gohar"]
[Result "1-0"]
[TimeControl "3 min + 2 sec"]
[WhiteElo "1481"]
[BlackElo "1733"]

1. d4 d5 2. c4 e6 3. Nf3 c5 4. cxd5 exd5 5. dxc5 Bxc5 6. e3 Nc6 7. Nc3 Nf6 8.
Bb5 O-O 9. O-O a6 10. Bxc6 bxc6 11. h3 h6 12. Bd2 Rb8 13. b3 a5 14. Qc2 Ba6 15. Rfc1 Bb4 16. Na4 Bxd2 17. Qxd2 Ne4 18. Qe1 Rc8 19. Nc5 Nxc5 20. Rxc5 a4 21.
b4 Bc4 22. a3 Qd6 23. Nd4 Rfe8 24. Qd1 Bb5 25. Nxb5 cxb5 26. Rxd5 Qc6 27. Rc5 Qb7 28. Rac1 Rcd8 29. Qe2 Re6 30. Qxb5 Qe4 31. Qc4 Qb7 32.
Rc7 Qa8 33. Rc8 Rxc8 34. Qxc8+ Qxc8 35. Rxc8+ Kh7 36. Ra8 Rd6 37.
Rxa4 1-0

[ePGN "0.1;DGT LiveChess/2.2.5"]

[Event "Biel DQA Blitzn"]
[Site "Biel/Bienne, Switzerland"]
[Date "2022.07.17"]
[Round "6.1"]
[White "Sumarriva Paulin, Laura"]
[Black "Cornileau, Juliette"]
[Result "1-0"]
[TimeControl "3 min + 2 sec"]
[WhiteElo "1886"]
[BlackElo "1653"]

1. d4 Nf6 2. c4 e6 3. Nc3 Bb4 4. e3 d5 5. a3 Bxc3+ 6. bxc3 O-O 7. Bd3 b6 8. Nf3 Ba6 9. cxd5 Bxd3 10.
Qxd3 exd5 11. O-O Nc6 12. c4 dxc4 13. Qxc4 Na5 14. Qc2 Qd5 15. Qxc7 Nb3 16. Rb1 Na5 17. Qg3 Ne4 18. Qg4 Nc3 19.
Ra1 Nb3 20. Bb2 Nxa1 21. Bxc3 Nb3 22. Nh4 Qe6 23. Nf5 g6 24. Nh6+ Kg7 25. d5+ 1-0

[Event "Biel DQA Blitzn"]
[Site "Biel/Bienne, Switzerland"]
[Date "2022.07.17"]
[Round "6.2"]
[White "Moracchini, Margaux"]
[Black "Keymer, Cecilia"]
[Result "1-0"]
[TimeControl "3 min + 2 sec"]
[WhiteElo "1825"]
[BlackElo "1652"]

1. e4 e5 2. Nf3 Nc6 3. d4 exd4 4. Nxd4 Nf6 5. Nc3 Bb4 6. Nxc6 bxc6 7. Bd3 d5 8. exd5 cxd5 9. O-O O-O 10. Bg5 c6 11. Qf3 Bd6 12. Bxf6 Qxf6 13. Qxf6 gxf6 14. Ne2 Rb8 15. b3 Be5 16. Rad1 Be6 17. Ng3 Rfe8 18.
Bf5 c5 19. Bxe6 fxe6 20. Rfe1 Bc7 21. Nh5 Kf7 22. Rd3 Rg8 23. Rf3 Rg6 24. Nf4 Bxf4 25. Rxf4 Re8 26. Ra4 Re7 27. Ra5 Rc7 28. Ra6 f5 29. f4 Ke7 30.
Kf2 Kd7 31. Kf3 Rb7 32. Ra5 Kc6 33. Ra6+ Kd7 34. Ra5 Kc6 35. Ra6+ Kd7 36. Re5 Rc7 37.
Ra5 Kc8 38. Ra6 Re7 39. Rc6+ Kb7 40. Rxc5 Reg7 41. g3 h5 42. Rc3 Rg8 43. Rce3 Rc8 44. Re2 Rc6 45. R5e3 Kc7 46. Rd3 Rd6 47.
Rc3+ Kd7 48. Kg2 Ra6 49. a4 Rd6 50. Kh3 Rg4 51. Kg2 Rg6 52. Kh3 Rg4 53. Kg2 Rg6 54. Rc5 Rg8 55. Kh3 Rg4 56. Rb5 Kc7 57. Re3 Rc6 58. Re2 a6 59. Rb4 Kd6 60. Rb8 Rg7 61.
Rd8+ Kc7 62. Rh8 h4 63.
Rxh4 Kb6 64. Rh6 Re7 65. Rf6 Rcc7 66. Rfxe6+ Rxe6 67. Rxe6+ Kc5 68. Kg2 Kb4 69.
Re2 Ka3 70. h4 Rh7 1-0

[Event "Biel DQA Blitzn"]
[Site "Biel/Bienne, Switzerland"]
[Date "2022.07.17"]
[Round "6.3"]
[White "Ciarletta, Iris"]
[Black "Avilova, Yulia"]
[Result "1-0"]
[TimeControl "3 min + 2 sec"]
[WhiteElo "1481"]
[BlackElo "1597"]

1. d4 d5 2. c4 e6 3.
Nf3 Nf6 4. Nc3 c5 5. cxd5 exd5 6. dxc5 Bxc5 7. e3 Nc6 8. Bb5 a6 9. Bxc6+ bxc6 10. h3 O-O 11. O-O Bb7 12. Bd2 Qc7 13. Ne2 Rfd8 14. Qc2 Bb6 15.
Bc3 Ne4 16. Be5 Qe7 17. Bh2 Rac8 18. Nc3 Nf6 19. Rfe1 c5 20. Rad1 Qf8 21. Qb3 Rc6 22. Na4 c4 23. Qc3 Ba7 24.
Nd4 Rcc8 25. Qc2 Qb4 26. Nc3 Ne4 27. Nxe4 dxe4 28. Nf5 Qc5 29. Ng3 h6 30. Rxd8+ Rxd8 31. Rd1 Rd5 32. Ne2 Rd3 33. Nf4 Rxd1+ 34. Qxd1 Qc6 35. Bg3 Kh7 36. Ne2 a5 37. Nc3 a4 38. Qxa4 Qxa4 39. Nxa4 Bc6 40. Nc3 Bb6 41. Kf1 f5 42.
Be5 Bd8 43. Ne2 g5 44. Nd4 Bb7 45. Nxf5 Kg6 46. Nd4 Ba6 47. Ke1 Ba5+ 48. Kd1 c3 49. bxc3 Bxc3 50. Kc2 Ba1 51. Nc6 Bxe5 52. Nxe5+ Kf5 53. Nd7 Bf1 54.
g3 Bxh3 55. Nc5 Ke5 56. Kd2 Bc8 57. Nb3 Kf5 58. Nd4+ Ke5 59. a3 h5 60. Nc6+ Kd6 61. Nd4 h4 62. gxh4 gxh4 63. Ne2 h3 64. Ng3 h2 65. Nxe4+ Ke5 66. Ng3 Bb7 67. Ke2 h1=Q 68. Nxh1 Bxh1 69. f3 Bg2 70.
a4 Bh3 71. e4 Bd7 72. a5 Kd6 73. Ke3 Bb5 74. f4 Kc5 75. f5 Bd7 76. Kf4 Kb5 77. e5 Kxa5 78. e6 Be8 79. Ke5 Kb6 80. Kd6 Kb7 81. f6 Kc8 82.
f7 Bxf7 83. exf7 1-0

[Event "Biel DQA Blitzn"]
[Site "Biel/Bienne, Switzerland"]
[Date "2022.07.17"]
[Round "6.4"]
[White "Tamrazyan, Gohar"]
[Black "Zhuang, Yongzhe"]
[Result "0-1"]
[TimeControl "3 min + 2 sec"]
[WhiteElo "1733"]
[BlackElo "1681"]

1. d4 d5 2. Nc3 Nf6 3. Bf4 c5 4. e4 Nxe4 5. Nxe4 dxe4 6. dxc5 Qa5+ 7. c3 Qxc5 8. Qa4+ Nc6 9. Qxe4 Bf5 10. Qa4 e5 11. Be3 Qa5 12. Qxa5 Nxa5 13. O-O-O Be7 14. Nf3 f6 15. Bb5+ Nc6 16.
Rd2 O-O 17. Rhd1 a6 18. Bc4+ Kh8 19. Nh4 Bc8 20. f4 exf4 21.
Bxf4 g5 22. Bxg5 fxg5 23. Nf3 Bg4 24.
Bd5 Bc5 25. Kb1 Be3 26. Rd3 Bf5 27. Kc2 Bxd3+ 28. Rxd3 Bc5 29. Nxg5 Rf2+ 30. Rd2 Rxd2+ 31. Kxd2 Ne5 32. b4 Ba7 33. Kc2 Kg7 34. Ne6+ Kf6 35.
c4 Rc8 36. h3 Nxc4 37. Kb3 Nd2+ 38. Ka3 Rc3+ 39. Kb2 Rc8 40. Bb3 Nxb3 0-1

[ePGN "0.1;DGT LiveChess/2.2.5"]